 Dungeon Crawl Stone Soup version 0.19.5 (webtiles) character file.

219 IcyNumb the Cudgeler (level 5, 11/46 HPs)
             Began as a Minotaur Fighter on May 22, 2017.
             Quit the game on level 3 of the Dungeon.
             The game lasted 00:07:31 (2118 turns).

IcyNumb the Cudgeler (Minotaur Fighter)             Turns: 2118, Time: 00:07:32

Health: 11/46      AC:  9    Str: 21    XL:     5   Next: 64%
Magic:  4/4        EV:  7    Int:  5    God:
Gold:   96         SH:  0    Dex: 10    Spells: 0 memorised, 4 levels left

rFire  . . .     SeeInvis .     a - +0 flail
rCold  . . .     Gourm    .     g - +0 chain mail
rNeg   . . .     Faith    .     (no shield)
rPois  .         Spirit   .     (helmet restricted)
rElec  .         Reflect  .     (no cloak)
rCorr  .         Harm     .     (no gloves)
MR     .....                    (no boots)
Stlth  ..........               (no amulet)
                                (no ring)
                                (no ring)

@: lethally poisoned (11 -> -30)
A: retaliatory headbutt, horns 2
a: no special abilities


You were on level 3 of the Dungeon.
You were not hungry.

You visited 1 branch of the dungeon, and saw 3 of its levels.

You collected 96 gold pieces.

Inventory:

Hand Weapons
 a - a +0 flail (weapon)
 m - a +0 mace
Armour
 b - a +0 scale mail
 c - a +0 shield
 g - a +0 chain mail (worn)
Scrolls
 h - 2 scrolls of recharging {unknown}
 j - a scroll of teleportation {unknown}
 k - a scroll of magic mapping {unknown}
 n - a scroll of random uselessness {unknown}
 p - a scroll of identify {unknown}
Potions
 d - 2 potions of might
 e - a potion of haste {unknown}
 i - a potion of heal wounds {unknown}
Comestibles
 f - 2 bread rations
 o - 2 fruits
 q - 9 chunks of flesh


   Skills:
 - Level 3.8 Fighting
 + Level 7.0 Maces & Flails
 - Level 3.7 Armour
 - Level 3.7 Shields


You had 4 spell levels left.
You didn't know any spells.

Dungeon Overview and Level Annotations

Branches:
Dungeon (3/15)

Altars:
Cheibriados
Elyvilon
Fedhas


Innate Abilities, Weirdness & Mutations

You reflexively headbutt those who attack you in melee.
You have a pair of horns on your head.


Message History

You are more poisoned.
The gnoll barely misses you.
Your chain mail prevents you from hitting the gnoll sergeant.
The gnoll sergeant is severely wounded.
You feel very sick.
The gnoll sergeant hits you but does no damage.
You are more poisoned.
The gnoll hits you from afar with a spear.
You hit the gnoll sergeant but do no damage.
The gnoll sergeant is severely wounded.
* * * LOW HITPOINT WARNING * * *
You feel very sick.
The gnoll shaman calls upon its god to heal the gnoll sergeant.
The gnoll sergeant is healed somewhat.
The gnoll sergeant hits you but does no damage.
You are more poisoned.
The gnoll barely misses you.
Welcome back, IcyNumb the Minotaur Fighter.
Press ? for a list of commands and other information.
Are you sure you want to abandon this character and quit the game? (Confirm with "yes".)

#.####>......# #.#
#.####.#...#.######.#
#.###.##................#
#.........)#..##.########
#####.##..)#.g##.#
#.####)#gg##.#
#....)..ggg..#
#########g#### #@#
###.### #.....# #.#.#.#
#.#.#.#
###########.....##
#........)..........
#.#########.....#### #.#
#.#.#.#


You could see a gnoll sergeant, a gnoll shaman and 5 gnolls.

Vanquished Creatures
  11 gnolls (D:3)
  4 adders
  An ooze (D:2)
  2 worms
  2 dart slugs (D:2)
  2 leopard geckos
  An orc (D:3)
  6 giant cockroaches
  7 goblins
  9 hobgoblins
  4 jackals (D:3)
  4 kobolds
  2 ball pythons
  2 bats (D:1)
  A frilled lizard (D:1)
  8 rats
66 creatures vanquished.

Notes
Turn   | Place    | Note
-------+----------+-------------------------------------------
     0 | D:1      | IcyNumb the Minotaur Fighter began the quest for the Orb.
     0 | D:1      | Reached XP level 1. HP: 19/19 MP: 0/0
   150 | D:1      | Reached XP level 2. HP: 27/27 MP: 1/1
   180 | D:1      | Reached skill level 3 in Maces & Flails
   838 | D:2      | Reached XP level 3. HP: 29/33 MP: 2/2
   870 | D:2      | Found a snail-covered altar of Cheibriados.
   878 | D:2      | Reached skill level 4 in Maces & Flails
  1170 | D:2      | Found a blossoming altar of Fedhas.
  1439 | D:2      | Found a white marble altar of Elyvilon.
  1554 | D:2      | Reached XP level 4. HP: 38/40 MP: 3/3
  1625 | D:3      | Reached skill level 5 in Maces & Flails
  1942 | D:3      | Reached skill level 6 in Maces & Flails
  1942 | D:3      | Reached XP level 5. HP: 45/46 MP: 4/4
  2101 | D:3      | Reached skill level 7 in Maces & Flails
  2118 | D:3      | Quit the game

Skill      XL: |  1  2  3  4  5 |
---------------+----------------+-----
Maces & Flails | 3 4 6 7 |  7.0
Fighting       | |  3.8
Armour         | |  3.7
Shields        | |  3.7

Action                   |  1- 3 |  4- 6 || total
-------------------------+-------+-------++-------
Melee: Flail             |    89 |    88 ||   177
       Headbutt          |    18 |    12 ||    30
  Use: Potion            |       |     1 ||     1
  Eat: Chunk             |     2 |     2 ||     4
Armor: Scale mail        |    25 |       ||    25
       Chain mail        |    20 |    51 ||    71
Dodge: Dodged            |    35 |    35 ||    70
Block: Shield            |     1 |       ||     1
